 Dungeon Crawl Stone Soup version 0.20.1-1-g8b1a95d (webtiles) character file.

51 urutzu the Sneak (level 3, -8/16 HPs)
             Began as a Spriggan Enchanter on Nov 6, 2017.
             Mangled by a worm (11 damage)
             ... on level 2 of the Dungeon.
             The game lasted 00:03:53 (1940 turns).

urutzu the Sneak (Spriggan Enchanter)               Turns: 1940, Time: 00:03:54

Health: -8/16      AC:  2    Str:  4    XL:     3   Next: 57%
Magic:  1/8        EV: 18    Int: 16    God:
Gold:   65         SH:  0    Dex: 17    Spells: 5/8 levels left

rFire    . . .     SeeInvis +   a - +1 dagger
rCold    . . .     Gourm    .   (shield restricted)
rNeg     . . .     Faith    .   b - +0 robe
rPois    .         Spirit   .   (helmet restricted)
rElec    .         Reflect  .   (no cloak)
rCorr    .         Harm     .   (gloves unavailable)
MR       .....                  (boots unavailable)
Stlth    +++.......             (no amulet)
Regen    0.1/turn               (no ring)
MPRegen  0.2/turn               (no ring)

@: very quick
A: unfitting armour, see invisible, herbivore 3, speed 3, slow metabolism 2
a: no special abilities


You were on level 2 of the Dungeon.
You were not hungry.

You visited 1 branch of the dungeon, and saw 2 of its levels.

You collected 65 gold pieces.

Inventory:

Hand Weapons
 a - a +1 dagger (weapon)
Armour
 b - a +0 robe (worn)
Scrolls
 e - a scroll of recharging {unknown}
 g - a scroll of enchant weapon {unknown}
 h - a scroll of random uselessness {unknown}
 k - a scroll of teleportation {unknown}
 m - a scroll of magic mapping {unknown}
 n - a scroll of remove curse {unknown}
 o - a scroll of identify {unknown}
Potions
 f - 2 potions of curing {unknown}
 i - a potion of agility {unknown}
 j - 2 potions of brilliance {unknown}
 l - 2 potions of degeneration {unknown}
Books
 c - a book of Maledictions

   Spells                             Type                      Level
   a - Corona                         Hexes                        1
   b - Ensorcelled Hibernation        Hexes/Ice                    2
   c - Confuse                        Hexes                        3
   d - Tukima's Dance                 Hexes                        3
   e - Dazzling Spray                 Conjuration/Hexes            3
Comestibles
 d - 2 bread rations
 p - a royal jelly


   Skills:
 - Level 1.1 Short Blades
 - Level 3.0 Dodging
 + Level 5.5 Stealth
 - Level 3.4 Spellcasting
 + Level 4.4 Hexes


You had 5 spell levels left.
You knew the following spells:

 Your Spells              Type           Power        Failure   Level  Hunger
a - Corona                Hex            ###....      2%          1    None
b - Ensorcelled Hibernat  Hex/Ice        #.....       11%         2    ##.....


Dungeon Overview and Level Annotations

Branches:
Dungeon (2/15)

Altars:


Innate Abilities, Weirdness & Mutations

You are very small and have problems with some larger weapons.
You are too small for most types of armour.
You have supernaturally acute eyesight. (SInv)
You are a herbivore.
You cover ground extremely quickly.
You need consume almost no food.


Message History

Press: ? - help, Shift-Dir - straight line, f/p - worm
Aim: a worm (chance to defeat MR: 50%)
The worm resists with some effort.
Casting: Ensorcelled Hibernation
Confirm with . or Enter, or press ? or * to list all spells.
Aiming: Corona
Press: ? - help, Shift-Dir - straight line, f/p - worm
Aim: a worm (chance to defeat MR: 63%)
The worm is outlined in light.
You completely miss the worm. You hit the worm.
The worm is lightly wounded.
The worm bites you!
Ouch! That really hurt!
* * * LOW HITPOINT WARNING * * *
You hit the worm.
The worm is lightly wounded.
The worm bites you!
Ouch! That really hurt!
You die...

#. ..#.....## #(
#.#... .. #. #.#..#
.# #. #....##.##.#
### #[ #..........#
..^..#.#####...#.##.#
#..†.......<#.##.#
###..............###
#########.@.......
#...$..w.##$###
#.####)#.# ..# #.#...
.. #.#.#.. #.#.##.
....# .# ## .# #


You could see a worm.

Vanquished Creatures
  An ooze (D:1)
  A dart slug (D:1)
  2 leopard geckos (D:1)
  A ball python (D:1)
  3 giant cockroaches (D:1)
  8 goblins (D:1)
  6 jackals (D:1)
  4 kobolds
  7 bats (D:1)
  A frilled lizard (D:1)
  3 rats (D:1)
37 creatures vanquished.

Notes
Turn   | Place    | Note
-------+----------+-------------------------------------------
     0 | D:1      | urutzu the Spriggan Enchanter began the quest for the Orb.
     0 | D:1      | Reached XP level 1. HP: 9/9 MP: 5/5
   263 | D:1      | Reached XP level 2. HP: 13/13 MP: 7/7
   521 | D:1      | Reached skill level 5 in Stealth
   774 | D:1      | Learned a level 2 spell: Ensorcelled Hibernation
  1046 | D:1      | Reached XP level 3. HP: 16/16 MP: 6/8
  1940 | D:2      | Mangled by a worm

Skill      XL: |  1  2 |
---------------+-------+-----
Spellcasting   | 3 |  3.4
Stealth        | 5 |  5.5
Hexes          | 4 |  4.4
Short Blades   | |  1.1
Dodging        | |  3.0

Action                   || total
-------------------------++-------
Melee: Dagger            ||   178
 Cast: Corona            ||     8
       Ensorcelled Hiber ||     6
 Stab: Sleeping          ||    10
Armor: Robe              ||    17
Dodge: Dodged            ||   168
